[ AOE2 MATCH · #513839196 ]
UnrankedPersians vs Goths
Player's team · WIN
Rival team · LOSS
[ REPLAY ANALYSIS · EXTRACTED FROM THE RECORDED GAME ]
Feudal
14:45
Castle
26:03
Imperial
—
| APM avg | 46.1 |
| APM peak | 105 |
| eAPM avg | 21.7 |
| Villagers / military | 75 / 34 |
Focus
⚔️ 26.5% · 🌾 73.5%
Archer ×21 · War Elephant ×7 · Monk ×3 · Militia ×3
Feudal
12:47
Castle
26:03
Imperial
—
| APM avg | 37.0 |
| APM peak | 73 |
| eAPM avg | 21.7 |
| Villagers / military | 86 / 17 |
Focus
⚔️ 20.7% · 🌾 79.3%
Spearman ×8 · Scorpion ×5 · Militia ×4
Match map
Initial resources + every placement click. Lines = walls · curves = elevation contours. ◆ gold · ⬟ stone · ● berries · ✦ relic · ◌ wall gap
Your base· Open — 7t gap
kingnothing's base· Open — 6t gap
Smoothed initial terrain · ◌ = detected wall gap · hover for details
Inputs per minute
— kuzel - - kingnothing
Build order — kuzel
First 150 of 216 actions detected
| 0:01 | Queue | Villager (Male) |
| 0:01 | Queue | Villager (Male) |
| 0:02 | Build | House |
| 0:03 | Build | House |
| 0:28 | Queue | Villager (Male) |
| 0:46 | Queue | Villager (Male) |
| 0:46 | Queue | Villager (Male) |
| 1:24 | Queue | Villager (Male) |
| 2:04 | Build | Barracks |
| 2:12 | Research | Loom |
| 2:17 | Build | Barracks |
| 2:25 | Queue | Villager (Male) |
| 2:25 | Queue | Villager (Male) |
| 3:03 | Build | House |
| 3:23 | Queue | Militia |
| 3:23 | Queue | Militia |
| 3:35 | Queue | Villager (Male) |
| 3:35 | Queue | Villager (Male) |
| 4:06 | Queue | Villager (Male) |
| 4:34 | Queue | Villager (Male) |
| 4:56 | Build | House |
| 5:05 | Queue | Villager (Male) |
| 5:05 | Queue | Villager (Male) |
| 5:07 | Queue | Villager (Male) |
| 5:07 | Queue | Villager (Male) |
| 5:11 | Queue | Militia |
| 5:24 | Queue | Villager (Male) |
| 5:47 | Queue | Villager (Male) |
| 5:51 | Build | Lumber Camp |
| 6:01 | Queue | Villager (Male) |
| 6:01 | Queue | Villager (Male) |
| 7:02 | Build | Mill |
| 7:18 | Queue | Villager (Male) |
| 7:22 | Build | Farm |
| 7:24 | Build | Farm |
| 7:38 | Build | Farm |
| 7:39 | Build | Farm |
| 7:51 | Build | House |
| 8:04 | Queue | Villager (Male) |
| 8:08 | Build | Farm |
| 8:09 | Queue | Villager (Male) |
| 8:36 | Build | Farm |
| 8:38 | Build | House |
| 8:50 | Queue | Villager (Male) |
| 9:17 | Queue | Villager (Male) |
| 9:20 | Build | Farm |
| 9:21 | Build | Farm |
| 9:47 | Queue | Villager (Male) |
| 9:48 | Build | Farm |
| 10:08 | Queue | Villager (Male) |
| 10:10 | Build | Farm |
| 10:13 | Build | Farm |
| 10:41 | Build | Farm |
| 10:44 | Queue | Villager (Male) |
| 10:45 | Queue | Villager (Male) |
| 10:49 | Build | Farm |
| 11:05 | Build | Farm |
| 11:16 | Queue | Villager (Male) |
| 11:19 | Build | Farm |
| 11:26 | Queue | Villager (Male) |
| 11:33 | Build | House |
| 11:45 | Build | Farm |
| 12:03 | Build | Farm |
| 12:09 | Build | Farm |
| 12:41 | Research | Feudal Age |
| 12:41 | Research | Feudal Age |
| 12:46 | Build | Mining Camp |
| 14:06 | Queue | Villager (Male) |
| 14:37 | Build | Mining Camp |
| 14:43 | Build | Palisade Wall |
| 14:45 | Age | Feudal Age |
| 14:48 | Queue | Villager (Male) |
| 14:55 | Build | Archery Range |
| 15:10 | Build | Watch Tower |
| 15:12 | Queue | Villager (Male) |
| 15:16 | Research | Double-Bit Axe |
| 15:16 | Research | Double-Bit Axe |
| 15:19 | Build | House |
| 15:22 | Build | Palisade Wall |
| 15:28 | Queue | Villager (Male) |
| 15:35 | Queue | Archer |
| 15:41 | Queue | Villager (Male) |
| 15:43 | Queue | Archer |
| 15:50 | Research | Horse Collar |
| 15:51 | Research | Horse Collar |
| 15:55 | Queue | Villager (Male) |
| 16:20 | Research | Town Watch |
| 16:20 | Queue | Villager (Male) |
| 16:25 | Build | Palisade Wall |
| 16:34 | Queue | Archer |
| 16:51 | Build | Watch Tower |
| 16:59 | Build | Palisade Wall |
| 17:19 | Build | Blacksmith |
| 17:24 | Queue | Villager (Male) |
| 17:29 | Queue | Villager (Male) |
| 17:29 | Queue | Villager (Male) |
| 17:31 | Queue | Archer |
| 17:31 | Queue | Archer |
| 18:06 | Build | Mining Camp |
| 18:12 | Build | House |
| 18:16 | Queue | Villager (Male) |
| 18:21 | Queue | Archer |
| 18:22 | Queue | Archer |
| 18:24 | Queue | Villager (Male) |
| 18:26 | Research | Wheelbarrow |
| 18:52 | Research | Fletching |
| 18:52 | Research | Fletching |
| 18:53 | Queue | Villager (Male) |
| 19:07 | Build | Farm |
| 19:08 | Build | Farm |
| 19:10 | Build | Farm |
| 19:14 | Build | Farm |
| 19:16 | Queue | Villager (Male) |
| 19:19 | Build | Lumber Camp |
| 19:26 | Queue | Archer |
| 19:28 | Research | Padded Archer Armor |
| 19:28 | Research | Padded Archer Armor |
| 19:46 | Build | Mill |
| 19:49 | Build | Farm |
| 19:54 | Build | Mill |
| 19:58 | Build | Farm |
| 20:00 | Build | Farm |
| 20:01 | Build | Farm |
| 20:04 | Queue | Villager (Male) |
| 20:12 | Build | House |
| 20:22 | Queue | Archer |
| 20:31 | Build | Farm |
| 20:38 | Build | Farm |
| 20:39 | Queue | Villager (Male) |
| 20:44 | Build | House |
| 20:44 | Build | House |
| 20:45 | Build | House |
| 21:20 | Queue | Archer |
| 21:20 | Queue | Archer |
| 21:44 | Queue | Villager (Male) |
| 21:58 | Build | House |
| 21:59 | Build | House |
| 22:00 | Build | House |
| 22:07 | Build | Farm |
| 22:22 | Build | Farm |
| 22:26 | Build | Farm |
| 22:30 | Build | Farm |
| 22:41 | Build | Market |
| 22:55 | Build | Watch Tower |
| 23:01 | Queue | Archer |
| 23:38 | Research | Castle Age |
| 23:38 | Research | Castle Age |
| 23:40 | Queue | Archer |
| 23:44 | Build | Farm |
| 23:52 | Build | House |
Build order — kingnothing
First 150 of 204 actions detected
| 0:00 | Queue | Villager (Male) |
| 0:01 | Queue | Villager (Male) |
| 0:01 | Queue | Villager (Male) |
| 0:02 | Build | House |
| 0:03 | Build | House |
| 0:11 | Queue | Villager (Male) |
| 0:12 | Queue | Villager (Male) |
| 0:16 | Research | Loom |
| 0:16 | Research | Loom |
| 0:17 | Queue | Villager (Male) |
| 0:17 | Queue | Villager (Male) |
| 0:17 | Queue | Villager (Male) |
| 0:18 | Queue | Villager (Male) |
| 1:39 | Queue | Villager (Male) |
| 1:39 | Queue | Villager (Male) |
| 2:03 | Queue | Villager (Male) |
| 2:03 | Queue | Villager (Male) |
| 2:26 | Queue | Villager (Male) |
| 2:26 | Queue | Villager (Male) |
| 2:28 | Build | House |
| 2:42 | Queue | Villager (Male) |
| 2:42 | Queue | Villager (Male) |
| 3:10 | Queue | Villager (Male) |
| 3:10 | Queue | Villager (Male) |
| 3:25 | Queue | Villager (Male) |
| 3:25 | Queue | Villager (Male) |
| 3:39 | Build | Palisade Wall |
| 3:43 | Build | Palisade Wall |
| 3:48 | Build | Palisade Wall |
| 3:52 | Build | Palisade Wall |
| 3:56 | Queue | Villager (Male) |
| 3:57 | Queue | Villager (Male) |
| 3:57 | Queue | Villager (Male) |
| 4:22 | Build | Mill |
| 4:53 | Build | Palisade Wall |
| 4:53 | Build | Palisade Wall |
| 4:53 | Build | Palisade Wall |
| 4:54 | Build | Palisade Wall |
| 4:54 | Build | Palisade Wall |
| 4:54 | Build | Palisade Wall |
| 4:54 | Build | Palisade Wall |
| 4:55 | Build | Palisade Wall |
| 4:55 | Build | Palisade Wall |
| 4:55 | Build | Palisade Wall |
| 4:55 | Build | Palisade Wall |
| 4:56 | Build | Palisade Wall |
| 4:56 | Build | Palisade Wall |
| 5:07 | Queue | Villager (Male) |
| 5:09 | Queue | Villager (Male) |
| 5:09 | Queue | Villager (Male) |
| 6:12 | Queue | Villager (Male) |
| 6:20 | Queue | Villager (Male) |
| 6:21 | Queue | Villager (Male) |
| 7:01 | Queue | Villager (Male) |
| 7:06 | Build | Palisade Wall |
| 7:27 | Build | Lumber Camp |
| 7:48 | Queue | Villager (Male) |
| 7:53 | Build | House |
| 8:07 | Build | Mill |
| 8:10 | Queue | Villager (Male) |
| 8:10 | Queue | Villager (Male) |
| 8:38 | Build | House |
| 9:08 | Queue | Villager (Male) |
| 9:27 | Queue | Villager (Male) |
| 9:27 | Queue | Villager (Male) |
| 10:37 | Research | Feudal Age |
| 10:37 | Research | Feudal Age |
| 10:48 | Build | Mining Camp |
| 11:16 | Build | Farm |
| 11:23 | Queue | Villager (Male) |
| 11:23 | Queue | Villager (Male) |
| 11:47 | Build | Barracks |
| 11:53 | Build | Barracks |
| 12:00 | Queue | Villager (Male) |
| 12:15 | Build | Outpost |
| 12:47 | Age | Feudal Age |
| 12:47 | Build | Farm |
| 12:47 | Build | Farm |
| 12:50 | Research | Man-at-Arms (upgrade) |
| 13:03 | Build | Watch Tower |
| 13:05 | Queue | Villager (Male) |
| 13:14 | Build | Farm |
| 13:15 | Queue | Villager (Male) |
| 13:39 | Queue | Villager (Male) |
| 13:43 | Queue | Militia |
| 13:43 | Queue | Militia |
| 13:52 | Build | Farm |
| 13:52 | Build | Farm |
| 13:52 | Build | Farm |
| 13:52 | Build | Farm |
| 14:02 | Build | Watch Tower |
| 14:26 | Queue | Villager (Male) |
| 14:30 | Build | House |
| 14:37 | Research | Town Watch |
| 14:46 | Queue | Villager (Male) |
| 14:50 | Queue | Militia |
| 14:50 | Queue | Militia |
| 15:01 | Build | Mill |
| 15:05 | Build | House |
| 15:16 | Queue | Villager (Male) |
| 15:21 | Build | Watch Tower |
| 15:32 | Queue | Villager (Male) |
| 15:33 | Queue | Villager (Male) |
| 15:59 | Research | Double-Bit Axe |
| 16:12 | Queue | Villager (Male) |
| 16:17 | Build | House |
| 16:34 | Queue | Villager (Male) |
| 16:54 | Build | Watch Tower |
| 16:56 | Queue | Villager (Male) |
| 17:09 | Queue | Villager (Male) |
| 17:18 | Build | Farm |
| 17:18 | Build | Farm |
| 17:18 | Build | Farm |
| 17:18 | Build | Farm |
| 17:19 | Build | Farm |
| 17:19 | Build | Farm |
| 17:50 | Queue | Villager (Male) |
| 17:55 | Build | Farm |
| 17:56 | Build | Farm |
| 17:56 | Build | Farm |
| 17:56 | Build | Farm |
| 18:22 | Build | Watch Tower |
| 18:30 | Queue | Villager (Male) |
| 18:34 | Queue | Villager (Male) |
| 19:03 | Queue | Villager (Male) |
| 19:08 | Queue | Villager (Male) |
| 19:16 | Build | Blacksmith |
| 19:19 | Queue | Villager (Male) |
| 19:23 | Build | Farm |
| 19:26 | Build | House |
| 19:32 | Queue | Villager (Male) |
| 20:05 | Research | Fletching |
| 20:11 | Queue | Villager (Male) |
| 20:23 | Build | Market |
| 20:49 | Queue | Villager (Male) |
| 21:05 | Queue | Villager (Male) |
| 21:27 | Queue | Villager (Male) |
| 21:27 | Queue | Villager (Male) |
| 21:50 | Build | Farm |
| 21:51 | Build | Farm |
| 21:51 | Build | Farm |
| 21:51 | Build | Farm |
| 21:51 | Build | Farm |
| 21:52 | Build | Farm |
| 22:25 | Queue | Villager (Male) |
| 22:51 | Build | Watch Tower |
| 23:05 | Build | Watch Tower |
| 23:13 | Queue | Villager (Male) |
| 23:23 | Research | Castle Age |
| 23:50 | Build | Farm |
Match timeline
| 2:04 | kuzel · first_building Barracks |
| 3:39 | kingnothing · wall_segment Palisade Wall x1 |
| 3:43 | kingnothing · wall_segment Palisade Wall x1 |
| 3:48 | kingnothing · wall_segment Palisade Wall x1 |
| 3:52 | kingnothing · wall_segment Palisade Wall x1 |
| 4:53 | kingnothing · wall_segment Palisade Wall x1 |
| 4:53 | kingnothing · wall_segment Palisade Wall x1 |
| 4:53 | kingnothing · wall_segment Palisade Wall x2 |
| 4:54 | kingnothing · wall_segment Palisade Wall x2 |
| 4:54 | kingnothing · wall_segment Palisade Wall x2 |
| 4:54 | kingnothing · wall_segment Palisade Wall x1 |
| 4:54 | kingnothing · wall_segment Palisade Wall x1 |
| 4:55 | kingnothing · wall_segment Palisade Wall x1 |
| 4:55 | kingnothing · wall_segment Palisade Wall x1 |
| 4:55 | kingnothing · wall_segment Palisade Wall x2 |
| 4:55 | kingnothing · wall_segment Palisade Wall x1 |
| 4:56 | kingnothing · wall_segment Palisade Wall x1 |
| 4:56 | kingnothing · wall_segment Palisade Wall x1 |
| 7:06 | kingnothing · wall_segment Palisade Wall x1 |
| 11:47 | kingnothing · first_building Barracks |
| 12:47 | kingnothing · age_up feudal |
| 14:43 | kuzel · wall_segment Palisade Wall x3 |
| 14:45 | kuzel · age_up feudal |
| 14:55 | kuzel · first_building Archery Range |
| 15:22 | kuzel · wall_segment Palisade Wall x3 |
| 16:25 | kuzel · wall_segment Palisade Wall x2 |
| 16:59 | kuzel · wall_segment Palisade Wall x1 |
| 21:44 | kingnothing · first_market_buy 100 food |
| 26:03 | kingnothing · age_up castle |
| 26:03 | kuzel · age_up castle |
| 26:31 | kuzel · first_market_buy 100 stone |
| 26:33 | kingnothing · first_building Siege Workshop |
| 26:39 | kuzel · first_building Castle |
| 26:42 | kingnothing · first_market_sell 100 food |
| 27:39 | kingnothing · first_building Castle |
| 30:32 | kuzel · first_market_sell 100 wood |
| 31:10 | kuzel · first_building Monastery |
| 33:50 | kingnothing · resign |
[ AI ANALYSIS · 1 CREDIT ]
What really happened in this match?
Wolo.gg analyzes every decision: build order, eco, micro, common mistakes by bracket. Personalized analysis on WhatsApp or Discord in 30 seconds.
Civ guide
Persians
Perfil
kuzel